 Dungeon Crawl Stone Soup version 0.31.0-32-g396128a36d (webtiles) character file.

Game seed: 10678825555798169464

163 Cheops the Chopper (level 5, -1/45 HPs)
             Began as a Minotaur Fighter on Apr 11, 2024.
             Killed from afar by an orc wizard (3 damage)
             ... with a magic dart
             ... on level 3 of the Dungeon.
             The game lasted 00:03:27 (1741 turns).

Cheops the Chopper (Minotaur Fighter)               Turns: 1741, Time: 00:03:27

Health: -1/45      AC:  8    Str: 23    XL:     5   Next: 20%
Magic:  4/4        EV:  9    Int:  5    God:
Gold:   90         SH:  4    Dex:  9    Spells: 4/4 levels left

rFire   . . .        a - +0 war axe
rCold   . . .        c - +0 buckler
rNeg    . . .        b - +0 scale mail
rPois   .            (helmet restricted)
rElec   .            (no cloak)
rCorr   .            n - +0 pair of gloves
SInv    .            (no boots)
Will    .....        (no amulet) Stlth
                     (no ring)
HPRegen 0.27/turn    (no ring)
MPRegen 0.09/turn

%: no passive effects
@: no status effects
A: horns 2, retaliatory headbutt
a: no special abilities


You were on level 3 of the Dungeon.
You visited 1 branch of the dungeon, and saw 3 of its levels.

You collected 90 gold pieces.

Inventory:

Hand Weapons
 a - a +0 war axe (weapon)
Armour
 b - a +0 scale mail (worn)
 c - a +0 buckler (worn)
 n - a +0 pair of gloves (worn)
Scrolls
 e - 2 scrolls of vulnerability {unknown}
 g - a scroll of identify {unknown}
 i - a scroll of enchant armour {unknown}
 k - a scroll of enchant weapon {unknown}
 l - 4 scrolls of poison {unknown}
 q - a scroll of teleportation {unknown}
Potions
 d - a potion of might
 f - 2 potions of invisibility {unknown}
 h - a potion of resistance {unknown}
 j - 2 potions of curing {unknown}
 m - a potion of magic {unknown}
 o - a potion of degeneration {unknown}
 p - a potion of attraction {unknown}


   Skills:
 - Level 3.6 Fighting
 * Level 5.6 Axes
 - Level 3.6 Armour
 - Level 5.0 Shields


You had 4 spell levels left.
You didn't know any spells.
Your spell library contained the following spells:

 Spells                   Type           Power      Damage    Failure   Level
 Fugue of the Fallen      Necr           0%         N/A       99%         3
 Ozocubu's Armour         Ice            0%         N/A       99%         3
 Tukima's Dance           Hex            0%         N/A       99%         3
 Dimensional Bullseye     Hex/Tloc       0%         N/A       100%        4
 Iskenderun's Mystic Bla  Conj/Tloc      0%         2d3       100%        4
 Manifold Assault         Tloc           0%         N/A       100%        4


Dungeon Overview and Level Annotations

Branches:
Dungeon (3/15)

Altars:


Innate Abilities, Weirdness & Mutations

You have a pair of horns on your head.
You reflexively headbutt those who attack you in melee.


Message History

* * * LOW HITPOINT WARNING * * *
Unknown command.
Unknown command.
You closely miss the orc wizard.
The orc wizard is moderately wounded.
You block the orc wizard's attack.
You hit the orc wizard but do no damage.
Your headbutt misses the orc wizard.
The orc wizard is moderately wounded.
The orc wizard hits you but does no damage.
You completely miss the orc wizard.
The orc wizard is moderately wounded.
You block the orc wizard's attack.
The orc wizard hits you with a +0 dagger.
* * * LOW HITPOINT WARNING * * *
Unknown command.
Unknown command.
You hit the orc wizard.
The orc wizard is heavily wounded.
The orc wizard casts a spell at you. The magic dart hits you!
* * * LOW HITPOINT WARNING * * *
Unknown command.
Unknown command.
You barely miss the orc wizard.
The orc wizard is heavily wounded.
The orc wizard hits you but does no damage.
You hit the orc wizard. Your headbutt misses the orc wizard.
The orc wizard is severely wounded.
The orc wizard gestures at you while chanting.
The puff of flame hits you!
* * * LOW HITPOINT WARNING * * *
Unknown command.
Unknown command.
Unknown command.
You hit the orc wizard.
The orc wizard is almost dead.
The orc wizard gestures at you while chanting.
The magic dart hits you.
You die...

######+## #........
################ #........
......)........# #........
##############.###).......
##............@o†.......
###..#########.###).......
#..†##########.# #........
#.#..........).# #........
#.#............# #########
..#............#
###............#
#............#
##############.#


You could see an orc wizard.

Vanquished Creatures
  A hound (D:3)
  An orc priest (D:3)
  Jessica (D:3)
  An adder (D:3)
  2 ribbon worms
  6 orcs (D:3)
  4 endoplasms
  3 giant cockroaches
  2 goblins
  8 hobgoblins
  2 jackals (D:1)
  2 quokkas
  5 ball pythons
  5 bats (D:1)
  4 frilled lizards
  4 kobolds
  4 rats
55 creatures vanquished.

Notes
Turn   | Place    | Note
-------+----------+-------------------------------------------
     0 | D:1      | Cheops the Minotaur Fighter began the quest for the Orb.
     0 | D:1      | Reached XP level 1. HP: 19/19 MP: 0/0
    84 | D:1      | Reached XP level 2. HP: 26/26 MP: 1/1
   524 | D:1      | Reached XP level 3. HP: 31/31 MP: 2/2
  1366 | D:3      | Noticed Jessica
  1376 | D:3      | Killed Jessica
  1377 | D:3      | Reached XP level 4. HP: 34/39 MP: 3/3
  1400 | D:3      | Reached skill level 5 in Axes
  1692 | D:3      | Reached skill level 5 in Shields
  1692 | D:3      | Reached XP level 5. HP: 45/45 MP: 4/4
  1740 | D:3      | HP: 2/45 [orc wizard/puff of flame (7)]
  1741 | D:3      | Killed from afar by an orc wizard

Illustrated notes

Levels and vault maps discovered:
D:1:      minmay_arrival_plants_in_alcoves, layout_loops_cross
D:2:      layout_rooms, kennysheep_generic_room_13
D:3:      layout_basic, fedhas_altar_2, chequers_ecumenical_altar_lobes,
          uniq_jessica

Skill      XL: |  1  2  3  4 |
---------------+-------------+-----
Axes           | 3 4 5 |  5.6
Shields        | 4 5 |  5.0
Fighting       | |  3.6
Armour         | |  3.6

Action                     |  1- 3 |  4- 6 || total
---------------------------+-------+-------++-------
  Melee: War axe           |   107 |    47 ||   154
         Headbutt          |    10 |     5 ||    15
 Armour: Scale mail        |    64 |    47 ||   111
  Dodge: Dodged            |    42 |    15 ||    57
  Block: Buckler           |    23 |     7 ||    30
